 Dungeon Crawl Stone Soup version 0.30-a0-1075-gcd70e7a56d (webtiles) character file.

Game seed: 15756397409594927695

2683 porpoise the Skirmisher (level 9, -4/64 HPs)
             Began as a Barachi Hunter on Apr 14, 2023.
             Was a Follower of Hepliaklqana.
             Slain by a manticore (10 damage)
             ... on level 8 of the Dungeon on Apr 15, 2023.
             The game lasted 00:28:22 (8211 turns).

porpoise the Skirmisher (Barachi Hunter)            Turns: 8211, Time: 00:28:24

Health: -4/64      AC: 14    Str: 13    XL:     9   Next: 64%
Magic:  9/9        EV: 18    Int:  9    God:    Hepliaklqana [*.....]
Gold:   418        SH:  0    Dex: 20    Spells: 6/8 levels left

rFire   . . .      SeeInvis .    a - +0 shortbow
rCold   + . .      Faith    .    (shield currently unavailable)
rNeg    . . .      Spirit   .    Q - +2 ring mail {rC+}
rPois   .          Reflect  .    (no helmet)
rElec   .          Rampage  .    g - +0 cloak
rCorr   .                        (no gloves)
Will    .....                    M - +0 pair of boots
Stlth   +++                      (no amulet)
HPRegen 0.30/turn                x - +4 ring of protection
MPRegen 0.11/turn                B - +5 ring of evasion

@: slow
A: reduced essence, amphibious, slowness 1, strong legs 1, +LOS
a: Hop, Renounce Religion, Recall Ancestor, Ancestor Identity


You were on level 8 of the Dungeon.
You worshipped Hepliaklqana.
Hepliaklqana was aware of your devotion.
You visited 2 branches of the dungeon, and saw 9 of its levels.

You collected 418 gold pieces.

Inventory:

Hand Weapons
 a - a +0 shortbow (weapon)
 b - a +5 whip of draining
 D - a +0 lajatang
 H - a +1 flail of holy wrath
Missiles
 c - 7 boomerangs
 d - 14 poisoned darts
 L - 3 datura-tipped darts
 O - 5 curare-tipped darts
 R - 4 silver javelins
Armour
 g - a +0 cloak (worn)
 C - the +1 chain mail of Ulothrod {rElec rC+ Will+ Str+9}
   (You found it on level 5 of the Dungeon)

   Str:       It affects your strength (+9).
   rC:        It protects you from cold.
   rElec:     It insulates you from electricity.
   Will:      It increases your willpower.
 M - a +0 pair of boots (worn)
 P - a +0 leather armour
 Q - a +2 ring mail of cold resistance (worn)
Magical Staves
 q - a staff of death
Jewellery
 m - a ring of resist corrosion
 s - a ring of wizardry
 x - a +4 ring of protection (left hand)
 y - a ring of positive energy
 z - the amulet of Elemental Vulnerability {rPois rF-- rC-- AC+8}
   (You found it on level 4 of the Dungeon)

   [amulet of nothing]

   AC:        It affects your AC (+8).
   rF:        It makes you very vulnerable to fire.
   rC:        It makes you very vulnerable to cold.
   rPois:     It protects you from poison.
 B - a +5 ring of evasion (right hand)
Wands
 j - a wand of paralysis (9)
 v - a wand of digging (1)
 w - a wand of roots (21)
 A - a wand of mindburst (7)
 F - a wand of quicksilver (2)
Scrolls
 e - a scroll of fog {unknown}
 l - 4 scrolls of enchant weapon
 t - 5 scrolls of immolation
 E - a scroll of amnesia
 G - a scroll of magic mapping
 I - 2 scrolls of torment {unknown}
 K - a scroll of teleportation
 N - a scroll of fear {unknown}
Potions
 f - 2 potions of attraction
 h - 5 potions of curing
 i - a potion of haste
 k - a potion of degeneration
 n - a potion of resistance
 o - a potion of brilliance
 p - 3 potions of flight
 r - a potion of ambrosia {unknown}
 u - a potion of lignification {unknown}
 J - 3 potions of heal wounds {unknown}


   Skills:
 - Level 7.0 Fighting
 - Level 2.0 Maces & Flails
 - Level 10.0 Ranged Weapons
 + Level 3.9 Armour
 + Level 4.2 Dodging
 - Level 5.0 Stealth


You had 6 spell levels left.
You knew the following spells:

 Your Spells              Type           Power      Damage    Failure   Level
w - Wereblood             Tmut           0%         N/A       77%         2

Your spell library contained the following spells:

 Spells                   Type           Power      Damage    Failure   Level
 Beastly Appendage        Tmut           0%         N/A       63%         1
 Freeze                   Ice            0%         1d3       63%         1
 Necrotise                Necr           0%         1d4       63%         1
 Frozen Ramparts          Ice            0%         1d1       94%         3
 Hailstorm                Conj/Ice       0%         3d3       94%         3
 Spider Form              Tmut/Pois      0%         N/A       94%         3
 Vampiric Draining        Necr           0%         2d6       94%         3
 Ice Form                 Ice/Tmut       0%         N/A       100%        4
 Agony                    Necr           0%         N/A       100%        5
 Simulacrum               Ice/Necr       0%         N/A       100%        6


Dungeon Overview and Level Annotations

Branches:
Dungeon (8/15)             Temple (1/1) D:4
   Lair: D:8-11

Altars:
Ashenzari
Cheibriados
Elyvilon
Fedhas
Gozag
Hepliaklqana
Kikubaaqudgha
Makhleb
Nemelex Xobeh
Okawaru
Ru
Sif Muna
Uskayaw
Wu Jian
Xom
Yredelemnul
Zin
The Shining One

Annotations:
D:5 exclusion: upstairs


Innate Abilities, Weirdness & Mutations

Your life essence is reduced to manifest your ancestor. (-10% HP)
You are amphibious.
You cover ground slowly.
You can hop short distances.
You have an extended range of vision and can be seen from far away.


Message History

You shoot an arrow.
The arrow hits the manticore but does no damage.
The manticore is moderately wounded.
Kheti hits the manticore but does no damage.
The manticore barely misses you. x2; The manticore claws you!
You shoot an arrow. The arrow hits the manticore.
The manticore is heavily wounded.
Kheti hits the manticore.
The manticore bites Kheti!
The manticore closely misses Kheti.
The manticore claws Kheti.
You shoot an arrow. The arrow hits the manticore.
The manticore is heavily wounded.
Kheti hits the manticore.
The manticore bites you! The manticore claws you.
The manticore closely misses you.
You shoot an arrow.
The arrow completely misses the manticore.
Kheti barely misses the manticore.
The manticore bites you!! The manticore completely misses you.
The manticore barely misses you.
Kheti hits the manticore but does no damage.
You are too injured to fight recklessly!
You are too injured to fight recklessly!
Fire: a) +0 shortbow
Press: ? - help, Q - select action, (/) - cycle Shift-Dir - straight line, f/p - manticore
Aim: a manticore (severely wounded, not watching you, ally target, 78% to hit)
You shoot an arrow.
The arrow hits the manticore but does no damage.
The manticore is severely wounded.
The manticore bites you.
* * * LOW HITPOINT WARNING * * *
The manticore claws you.
* * * LOW HITPOINT WARNING * * *
The manticore claws you!
* * * LOW HITPOINT WARNING * * *
Kheti closely misses the manticore.
Fire: a) +0 shortbow
Press: ? - help, Q - select action, (/) - cycle Shift-Dir - straight line, f/p - manticore
Aim: a manticore (severely wounded, ally target, 78% to hit)
You shoot an arrow. The arrow hits the manticore!
The manticore is almost dead.
The manticore barely misses you. The manticore claws you!
You die...

*,****#.##.###.##.#.####.####
*,* #.#...##.##.#.# #.#
#.#####.#.........#.# #.####
#...[.).....##.####.# #.....
**########.##.###.# #.#
###### *,.........#### #.#
#.# *,########## #.# #.#
**,** ######R####.##*######
*,,,** #...@H......$........
,***,** #.####......####.....
** **,** *,* ######.# ######
* **,******,* *******,#
*,,,,,,,,***,,,,,,,* *
**,,,,,,,,,,,,******* **
**,************* ,***,**
*,,,**


You could see the friendly Kheti the ancestor and a manticore (ally target).

Vanquished Creatures
  Grinder (D:4)
  Eustachio (D:5)
  Menkaure (D:5)
  Duvessa (D:7)
  3 ice beasts
  An ogre (D:4)
  3 centaurs
  A phantom (D:6)
  A kobold brigand (D:7)
  A scorpion (D:7)
  3 wights (D:8)
  Dowan (D:7)
  2 killer bees (D:8)
  A gnoll bouda (D:5)
  2 jellies
  5 hounds
  Crazy Yiuf (D:4)
  2 orc wizards
  A sleepcap (D:6)
  Ijyb (D:5)
  7 gnolls
  13 adders
  2 white imps
  6 worms
  3 dart slugs
  18 orcs
  16 ball pythons
  8 bats
  4 endoplasms
  3 giant cockroaches
  10 goblins
  5 hobgoblins
  3 jackals (D:5)
  6 kobolds
  4 quokkas
  A frilled lizard (D:1)
  3 rats
145 creatures vanquished.

Vanquished Creatures (collateral kills)
  A wyvern (D:8)
  A bullfrog (D:8)
  2 wights (D:8)
  A killer bee (D:8)
5 creatures vanquished.

Vanquished Creatures (others)
  An ancestor (D:8)
  A gnoll (D:5)
  4 withered plants (D:3)
6 creatures vanquished.

Grand Total: 156 creatures vanquished

Notes
Turn   | Place    | Note
-------+----------+-------------------------------------------
     0 | D:1      | porpoise the Barachi Hunter began the quest for the Orb.
     0 | D:1      | Reached XP level 1. HP: 17/17 MP: 1/1
    40 | D:1      | Reached skill level 1 in Stealth
    73 | D:1      | Reached XP level 2. HP: 23/23 MP: 2/2
   174 | D:1      | Found a faded altar of an unknown god.
   269 | D:1      | Reached XP level 3. HP: 28/28 MP: 3/3
   857 | D:2      | Reached XP level 4. HP: 35/35 MP: 4/4
  1225 | D:2      | Reached skill level 5 in Ranged Weapons
  1400 | D:3      | Upgraded the game from 0.30-a0-1074-g5db6f66fbb to
                  | 0.30-a0-1075-gcd70e7a56d
  1567 | D:3      | Found a glowing golden altar of the Shining One.
  1569 | D:3      | Noticed an angel
  1573 | D:3      | Found a basalt altar of Yredelemnul.
  1575 | D:3      | Noticed a profane servitor
  1604 | D:3      | Reached XP level 5. HP: 41/41 MP: 5/5
  1949 | D:3      | Found an ancient bone altar of Kikubaaqudgha.
  2318 | D:4      | Found a white marble altar of Elyvilon.
  2384 | D:4      | Found the amulet of Elemental Vulnerability {rPois rF--
                  | rC-- AC+8}
  2479 | D:4      | Found an ornate altar of the Wu Jian Council.
  2479 | D:4      | Found a sparkling altar of Nemelex Xobeh.
  2893 | D:4      | Noticed an ogre
  2897 | D:4      | Killed an ogre
  2898 | D:4      | Reached XP level 6. HP: 49/49 MP: 6/6
  3003 | D:4      | Found a blossoming altar of Fedhas.
  3023 | D:4      | Found a runed translucent door.
  3024 | D:4      | Noticed Crazy Yiuf
  3033 | D:4      | Killed Crazy Yiuf
  3034 | D:4      | Reached skill level 6 in Ranged Weapons
  3379 | D:4      | Found a staircase to the Ecumenical Temple.
  3452 | D:5      | Entered Level 5 of the Dungeon
  3463 | D:5      | Identified the +1 chain mail of Ulothrod {rElec rC+ Will+
                  | Str+9}
  3509 | D:5      | Reached XP level 7. HP: 55/55 MP: 7/7
  4119 | D:4      | Noticed Grinder
  4140 | D:4      | Killed Grinder
  4141 | D:4      | Reached skill level 5 in Fighting
  4141 | D:4      | Reached skill level 7 in Ranged Weapons
  4512 | D:5      | Reached skill level 1 in Maces & Flails
  4601 | D:5      | Noticed Ijyb
  4614 | D:5      | Killed Ijyb
  4643 | D:5      | Noticed Eustachio
  4645 | D:5      | Noticed Menkaure
  4659 | D:5      | Killed Eustachio
  4660 | D:5      | Reached XP level 8. HP: 30/64 MP: 8/8
  4669 | D:5      | Killed Menkaure
  5487 | D:6      | Found a glowing silver altar of Zin.
  5518 | D:6      | Reached skill level 8 in Ranged Weapons
  5608 | D:6      | Reached skill level 5 in Stealth
  5611 | D:6      | Identified the +1 chain mail of Velobazo {rF- rC- Regen+
                  | SInv}
  5891 | D:6      | Found a hide-covered altar of Uskayaw.
  6231 | D:6      | Reached XP level 9. HP: 71/72 MP: 9/9
  6601 | Temple   | Entered the Ecumenical Temple
  6714 | Temple   | Became a worshipper of Hepliaklqana the Forgotten
  6939 | D:7      | Noticed Duvessa
  6939 | D:7      | Noticed Dowan
  6949 | D:7      | Killed Dowan
  6950 | D:7      | Reached skill level 9 in Ranged Weapons
  6950 | D:7      | Reached skill level 1 in Armour
  6953 | D:7      | Killed Duvessa
  7445 | D:7      | Learned a level 2 spell: Wereblood
  7849 | D:8      | Reached * piety under Hepliaklqana
  8064 | D:8      | Found a shimmering blue altar of Sif Muna.
  8103 | D:8      | Reached skill level 10 in Ranged Weapons
  8198 | D:8      | Noticed a manticore
  8211 | D:8      | Slain by a manticore

Illustrated notes

Levels and vault maps discovered:
D:1:      dpeg_arrival_water_temple_mockup, layout_basic,
          dreamdust_ecumenical_altar_grove, item_on_display_a
D:2:      layout_loops_ring, columned_hall_lemuel
D:3:      layout_loops_ring, grunt_temple_overflow_holy_war,
          kiku_gazebo_garden_becter
D:4:      layout_basic, mainiacjoe_overflow_brackets, elyvilon_altar_1,
          amethyst_overflow_temple_binary, minmay_temple_entry_from_below_b,
          dreamdust_princess_bridge, chequers_jeans, uniq_crazy_yiuf_cottage,
          uniq_grinder
D:5:      layout_cave_pods, chequers_serial_rivers_micro_b,
          serial_park_tiny_pond, uniq_ijyb, uniq_menkaure, uniq_eustachio
D:6:      layout_gridville, mainiacjoe_overflow_catwalk_spiral, moated_statue,
          nicolae_half_adder
D:7:      layout_loops_ring, uniq_duvessa
D:8:      layout_loops_ring, lemuel_blue_sif_altar,
          chequers_temple_overflow_minitemple
Temple:   nicolae_temple_godpark

Skill      XL: |  1  2  3  4  5  6  7  8  9 |
---------------+----------------------------+-----
Stealth        | 1 2 3 4 5 |  5.0
Fighting       | 3 4 5 7 |  7.0
Ranged Weapons | 5 6 7 8 10 | 10.0
Maces & Flails | 2 |  2.0
Armour         | 3 |  3.9
Dodging        | 4 |  4.2

Action                     |  1- 3 |  4- 6 |  7- 9 || total
---------------------------+-------+-------+-------++-------
  Melee: Whip              |       |    11 |    14 ||    25
   Fire: Shortbow          |    71 |   173 |   372 ||   616
Ability: Hop               |       |       |     1 ||     1
  Evoke: Wand              |       |       |    10 ||    10
    Use: Potion            |       |     3 |     1 ||     4
         Scroll            |       |     2 |     9 ||    11
 Armour: Leather armour    |     3 |    21 |    40 ||    64
         Ring mail         |       |       |     5 ||     5
  Dodge: Dodged            |     8 |    51 |   201 ||   260

Table legend: (Time is in decaauts)
 A = Elapsed time spent in this place.
 B = Non-inter-level travel time spent in this place.
 C = Inter-level travel time spent in this place.
 D = Time resting spent in this place.
 E = Time spent auto-exploring this place.
 F = Levels seen in this place.
 G = Mean time per level.
                   A        B        C        D        E       F      G
               +--------+--------+--------+--------+--------+-----+--------+
         Total |   9394 |   8884 |    510 |   1937 |   5459 |   9 | 1043.8 |
       Dungeon |   9243 |   8749 |    494 |   1937 |   5357 |   8 | 1155.4 |
        Temple |    151 |    136 |     15 |      0 |    102 |   1 |  151.0 |
               +--------+--------+--------+--------+--------+-----+--------+

Top non-repeatable levels by time:
     D:4: 1922 daAuts
     D:6: 1492 daAuts
     D:5: 1402 daAuts
     D:3: 1160 daAuts
     D:7: 1119 daAuts
     D:2: 881 daAuts
     D:1: 741 daAuts
     D:8: 524 daAuts
  Temple: 151 daAuts
